SAA
CHESAPEAKE CONTINENTALS @ DURHAM RAPIERS
09/02/2021
 
TOP OF THE 1ST
Chesapeake Continentals batting - Pitching for Durham Rapiers : RHP Juan Díaz
Pitching: RHP Juan Díaz
Batting: RHB Gustavo Varela 0-0: Ball
1-0: Ball
2-0: Called Strike
2-1: SOLO HOME RUN (Flyball, 78XD), Distance : 426 ft
Batting: SHB Pablo Vázquez 0-0: Ball
1-0: Ball
2-0: Ball
3-0: Called Strike
3-1: SINGLE (Line Drive, 7LM)
Batting: RHB Danilo Mosca 0-0: Called Strike
0-1: Foul Ball, location: 2F
0-2: Ball
1-2: Fielders Choice at 2nd, 4-6 (Groundball, 4)
Batting: SHB Tim Roberts 0-0: Ball
1-0: Swinging Strike
1-1: Ball
2-1: Called Strike
Passed Ball!
Danilo Mosca to second
2-2: Ball
3-2: Strikes out swinging
Batting: RHB Brett Callison 0-0: Called Strike
0-1: Foul Ball, location: 2F
0-2: Ball
1-2: Ball
2-2: Ball
3-2: Base on Balls
Batting: LHB José Estrada 0-0: Ball
1-0: Ball
2-0: Called Strike
2-1: Fly out, F9 (Flyball, 89S)
Top of the 1st over - 1 run(s), 2 hit(s), 0 error(s), 2 left on base; Chesapeake 1 - Durham 0
BOTTOM OF THE 1ST
Durham Rapiers batting - Pitching for Chesapeake Continentals : RHP Ben Logan
Pitching: RHP Ben Logan
Batting: RHB Esteban Garza 0-0: Called Strike
0-1: Foul Ball, location: 2F
0-2: Ground out 1-3 (Groundball, 15)
Batting: LHB Evan Nelson 0-0: Ball
1-0: Called Strike
1-1: SINGLE (Groundball, 6M)
Batting: SHB Dan Godwin 0-0: Ball
1-0: Called Strike
1-1: Called Strike
1-2: Ball
2-2: Ground out 3-1 (Groundball, 34)
Evan Nelson to second
Batting: RHB Luis Tapia 0-0: Ground out 6-3 (Groundball, 6)
Bottom of the 1st over - 0 run(s), 1 hit(s), 0 error(s), 1 left on base; Chesapeake 1 - Durham 0
TOP OF THE 2ND
Chesapeake Continentals batting - Pitching for Durham Rapiers : RHP Juan Díaz
Batting: SHB Juan Ortega 0-0: Ball
1-0: Ball
2-0: Ball
3-0: Called Strike
3-1: Foul Ball, location: 2F
3-2: Foul Ball, location: 2F
3-2: Fly out, F8 (Flyball, 8RM)
Batting: RHB Héctor Hernández 0-0: Ball
1-0: Ball
2-0: Fly out, F8 (Flyball, 8LS)
Batting: RHB Walter Hurlson 0-0: Called Strike
0-1: Foul Ball, location: 2F
0-2: Foul Ball, location: 2F
0-2: Fly out, F9 (Flyball, 9LMF)
Top of the 2nd over - 0 run(s), 0 hit(s), 0 error(s), 0 left on base; Chesapeake 1 - Durham 0
BOTTOM OF THE 2ND
Durham Rapiers batting - Pitching for Chesapeake Continentals : RHP Ben Logan
Batting: SHB Kunimichi Chikafuji 0-0: Ball
1-0: Ball
2-0: Fly out, F7 (Popup, 6D)
Batting: SHB Mauro López 0-0: Called Strike
0-1: Ball
1-1: Called Strike
1-2: Strikes out looking
Batting: LHB Adrián Franco 0-0: Fly out, F9 (Line Drive, 9LM)
Bottom of the 2nd over - 0 run(s), 0 hit(s), 0 error(s), 0 left on base; Chesapeake 1 - Durham 0
TOP OF THE 3RD
Chesapeake Continentals batting - Pitching for Durham Rapiers : RHP Juan Díaz
Batting: RHB Gustavo Varela 0-0: Called Strike
0-1: Swinging Strike
0-2: Foul Ball, location: 2F
0-2: Ball
1-2: Fly out, F4 (Line Drive, 4)
Batting: SHB Pablo Vázquez 0-0: Swinging Strike
0-1: Ground out 4-3 (Groundball, 4)
Batting: RHB Danilo Mosca 0-0: Ball
1-0: Foul Ball, location: 2F
1-1: Ball
2-1: Called Strike
2-2: Strikes out swinging
Top of the 3rd over - 0 run(s), 0 hit(s), 0 error(s), 0 left on base; Chesapeake 1 - Durham 0
BOTTOM OF THE 3RD
Durham Rapiers batting - Pitching for Chesapeake Continentals : RHP Ben Logan
Batting: RHB Ron Humboldt 0-0: Ball
1-0: SINGLE (Groundball, 6MD) (infield hit)
Batting: RHB Luis Dávila 0-0: Ball
1-0: Ball
2-0: Ball
3-0: Base on Balls
Ron Humboldt to second
Batting: RHB Esteban Garza 0-0: Foul Ball, location: 2F
0-1: Fielders Choice at 2nd, 6-4 (Groundball, 6M)
Ron Humboldt to third
Batting: LHB Evan Nelson 0-0: Foul Ball, location: 2F
0-1: Ball
1-1: SINGLE (Line Drive, 78S)
Ron Humboldt scores
Esteban Garza to second
Batting: SHB Dan Godwin 0-0: Called Strike
0-1: Ball
1-1: Called Strike
1-2: Foul Ball, location: 2F
1-2: Ball
Passed Ball!
Esteban Garza to third
Evan Nelson to second
2-2: Fly out, F8 (Flyball, 89M)
Runner from 3rd tags up, SCORES, no throw
Batting: RHB Luis Tapia 0-0: Ball
1-0: Swinging Strike
1-1: Foul Ball, location: 2F
1-2: Fly out, F7 (Flyball, 78M)
Bottom of the 3rd over - 2 run(s), 2 hit(s), 0 error(s), 1 left on base; Chesapeake 1 - Durham 2
TOP OF THE 4TH
Chesapeake Continentals batting - Pitching for Durham Rapiers : RHP Juan Díaz
Batting: SHB Tim Roberts 0-0: Called Strike
0-1: Ball
1-1: Ball
2-1: Swinging Strike
2-2: Ground out 4-3 (Groundball, 4)
Batting: RHB Brett Callison 0-0: Called Strike
0-1: SINGLE (Groundball, 56) (infield hit)
Batting: LHB José Estrada 0-0: Ball
1-0: Called Strike
1-1: Swinging Strike
1-2: SINGLE (Flyball, 8LS)
Brett Callison to second
Runner from 2nd tries for 3rd, SAFE, no throw or cutoff
Batting: SHB Juan Ortega 0-0: Called Strike
0-1: Swinging Strike
0-2: Ball
1-2: SINGLE (Groundball, 56) (infield hit)
Brett Callison scores
José Estrada to second
Batting: RHB Héctor Hernández 0-0: Ball
1-0: Ball
2-0: Ball
3-0: Called Strike
3-1: Base on Balls
José Estrada to third
Juan Ortega to second
Batting: RHB Walter Hurlson 0-0: Foul Ball, location: 2F
0-1: Ball
1-1: Called Strike
1-2: Strikes out swinging
Batting: RHB Gustavo Varela 0-0: Ball
1-0: Fly out, F7 (Flyball, 8LM)
Top of the 4th over - 1 run(s), 3 hit(s), 0 error(s), 3 left on base; Chesapeake 2 - Durham 2
BOTTOM OF THE 4TH
Durham Rapiers batting - Pitching for Chesapeake Continentals : RHP Ben Logan
Batting: SHB Kunimichi Chikafuji 0-0: Foul Ball, location: 2F
0-1: Called Strike
0-2: Fly out, F5 (Popup, 25F)
Batting: SHB Mauro López 0-0: Fly out, F5 (Popup, 5L)
Batting: LHB Adrián Franco 0-0: Ball
1-0: Ball
2-0: SOLO HOME RUN (Flyball, 9D), Distance : 381 ft
Batting: RHB Ron Humboldt 0-0: Swinging Strike
0-1: Swinging Strike
0-2: Strikes out looking
Bottom of the 4th over - 1 run(s), 1 hit(s), 0 error(s), 0 left on base; Chesapeake 2 - Durham 3
TOP OF THE 5TH
Chesapeake Continentals batting - Pitching for Durham Rapiers : RHP Juan Díaz
Batting: SHB Pablo Vázquez 0-0: Called Strike
0-1: Foul Ball, location: 2F
0-2: Ground out 4-3 (Groundball, 4)
Batting: RHB Danilo Mosca 0-0: DOUBLE (Line Drive, 7LM)
Batting: SHB Tim Roberts 0-0: Ball
1-0: Ball
2-0: Ball
3-0: Base on Balls
Batting: RHB Brett Callison 0-0: Called Strike
0-1: Ball
1-1: Called Strike
1-2: Strikes out swinging
Batting: LHB José Estrada 0-0: Foul Ball, location: 2F
0-1: Ball
1-1: Swinging Strike
1-2: Strikes out swinging
Top of the 5th over - 0 run(s), 1 hit(s), 0 error(s), 2 left on base; Chesapeake 2 - Durham 3
BOTTOM OF THE 5TH
Durham Rapiers batting - Pitching for Chesapeake Continentals : RHP Ben Logan
Batting: RHB Luis Dávila 0-0: Foul Ball, location: 2F
0-1: Ball
1-1: Ball
2-1: SINGLE (Flyball, 9LS)
Batting: RHB Esteban Garza 0-0: Ball
Luis Dávila is caught stealing 2nd base
1-0: Ball
2-0: Called Strike
2-1: Bunted foul
2-2: SOLO HOME RUN (Flyball, 8RXD), Distance : 431 ft
Batting: LHB Evan Nelson 0-0: Ground out 1-3 (Groundball, 13)
Batting: SHB Dan Godwin 0-0: Ball
1-0: Fly out, F8 (Flyball, 78S)
Bottom of the 5th over - 1 run(s), 2 hit(s), 0 error(s), 0 left on base; Chesapeake 2 - Durham 4
TOP OF THE 6TH
Chesapeake Continentals batting - Pitching for Durham Rapiers : RHP Juan Díaz
Batting: SHB Juan Ortega 0-0: Ball
1-0: Ball
2-0: Ball
3-0: Base on Balls
Pitching: RHP Manuel Delgado
Batting: RHB Héctor Hernández 0-0: Ball
1-0: Sac Bunt - play at first, batter OUT! 1-3
Juan Ortega to second
Batting: RHB Walter Hurlson 0-0: Called Strike
0-1: Ball
1-1: Swinging Strike
1-2: Ball
2-2: Foul Ball, location: 2F
2-2: Strikes out swinging
Batting: RHB Gustavo Varela 0-0: Ball
1-0: Ball
2-0: Ball
3-0: Called Strike
3-1: Base on Balls
Batting: SHB Pablo Vázquez 0-0: Called Strike
0-1: SINGLE (Groundball, 4MD)
Juan Ortega to third
Gustavo Varela to second
Runner from 3rd tries for Home, SAFE, throw made at trailing runner, SAFE at third!
Batting: RHB Danilo Mosca 0-0: Ball
1-0: Called Strike
1-1: Fly out, F3 (Popup, 3SF)
Top of the 6th over - 1 run(s), 1 hit(s), 0 error(s), 2 left on base; Chesapeake 3 - Durham 4
BOTTOM OF THE 6TH
Durham Rapiers batting - Pitching for Chesapeake Continentals : RHP Ben Logan
Batting: RHB Luis Tapia 0-0: Called Strike
0-1: Ball
1-1: Ball
2-1: Foul Ball, location: 2F
2-2: SINGLE (Groundball, 3D)
Batting: SHB Kunimichi Chikafuji 0-0: Foul Ball, location: 2F
0-1: Ball
1-1: Swinging Strike
1-2: Strikes out looking
Batting: SHB Mauro López 0-0: Ball
1-0: Foul Ball, location: 2F
1-1: Swinging Strike
1-2: Foul Ball, location: 2F
1-2: Strikes out swinging
Batting: LHB Adrián Franco 0-0: Ball
1-0: Ball
2-0: Foul Ball, location: 2F
2-1: Foul Ball, location: 2F
2-2: Ground out U3 (Groundball, 3L)
Bottom of the 6th over - 0 run(s), 1 hit(s), 0 error(s), 1 left on base; Chesapeake 3 - Durham 4
TOP OF THE 7TH
Chesapeake Continentals batting - Pitching for Durham Rapiers : RHP Manuel Delgado
Batting: SHB Tim Roberts 0-0: Called Strike
0-1: Ball
1-1: Swinging Strike
1-2: Strikes out swinging
Batting: RHB Brett Callison 0-0: Swinging Strike
0-1: Foul Ball, location: 2F
0-2: Strikes out swinging
Batting: LHB José Estrada 0-0: Ball
1-0: Called Strike
1-1: Swinging Strike
1-2: Foul Ball, location: 2F
1-2: Ball
2-2: SINGLE (Line Drive, 9S)
Batting: SHB Juan Ortega 0-0: Ground out 3-1 (Groundball, 34)
Top of the 7th over - 0 run(s), 1 hit(s), 0 error(s), 1 left on base; Chesapeake 3 - Durham 4
BOTTOM OF THE 7TH
Durham Rapiers batting - Pitching for Chesapeake Continentals : RHP Ben Logan
Batting: RHB Ron Humboldt 0-0: Swinging Strike
0-1: Swinging Strike
0-2: Strikes out swinging
Batting: RHB Luis Dávila 0-0: Ball
1-0: Fly out, F9 (Line Drive, 89D)
Batting: RHB Esteban Garza 0-0: Ball
1-0: Ground out 2-3 (Groundball, 25)
Bottom of the 7th over - 0 run(s), 0 hit(s), 0 error(s), 0 left on base; Chesapeake 3 - Durham 4
TOP OF THE 8TH
Chesapeake Continentals batting - Pitching for Durham Rapiers : RHP Manuel Delgado
Batting: RHB Héctor Hernández 0-0: Ball
1-0: Ball
2-0: Foul Ball, location: 2F
2-1: Ground out 5-3 (Groundball, 5S)
Batting: RHB Walter Hurlson 0-0: Ball
1-0: Called Strike
1-1: SINGLE (Flyball, 9LS)
Pinch Hitting: RHB Jim Unknown 0-0: SINGLE (Line Drive, 7S)
Walter Hurlson to second
Pitching: LHP Ricardo Ávila
Batting: SHB Pablo Vázquez 0-0: Foul Ball, location: 2F
0-1: Foul Ball, location: 2F
0-2: SINGLE (Line Drive, 4D)
Walter Hurlson to third
Jim Unknown to second
Pitching: RHP Timothy Jackson
Batting: RHB Danilo Mosca 0-0: Called Strike
0-1: Foul Ball, location: 2F
0-2: Ball
1-2: Strikes out swinging
Pitching: LHP Doug Ferguson
Batting: SHB Tim Roberts 0-0: Foul Ball, location: 2F
0-1: Fly out, F8 (Popup, 4MD)
Top of the 8th over - 0 run(s), 3 hit(s), 0 error(s), 3 left on base; Chesapeake 3 - Durham 4
BOTTOM OF THE 8TH
Durham Rapiers batting - Pitching for Chesapeake Continentals : RHP Ben Logan
Now in RF: Jim Unknown
Batting: LHB Evan Nelson 0-0: Fly out, F7 (Flyball, 7D)
Batting: SHB Dan Godwin 0-0: Called Strike
0-1: Called Strike
0-2: Ball
1-2: Ball
2-2: SINGLE (Groundball, 56D)
Batting: RHB Luis Tapia 0-0: Called Strike
0-1: Ball
1-1: Fly out, F4 (Popup, 4MD)
Pinch Hitting: LHB Mayer Röhricht 0-0: Ball
1-0: Foul Ball, location: 2F
1-1: DOUBLE (Flyball, 8LD)
Dan Godwin to third
Runner from 3rd tries for Home, SAFE, no throw or cutoff
Batting: SHB Mauro López 0-0: Foul Ball, location: 2F
0-1: Called Strike
0-2: Ball
1-2: Ball
2-2: Foul Ball, location: 2F
2-2: Ground out 3-1 (Groundball, 34)
Bottom of the 8th over - 1 run(s), 2 hit(s), 0 error(s), 1 left on base; Chesapeake 3 - Durham 5
TOP OF THE 9TH
Chesapeake Continentals batting - Pitching for Durham Rapiers : LHP Doug Ferguson
Pitching: LHP Jeremy Petty
Now in RF: Mayer Röhricht
Batting: RHB Brett Callison 0-0: Foul Ball, location: 2F
0-1: Foul Ball, location: 2F
0-2: Ball
1-2: Foul Ball, location: 2F
1-2: Fly out, F7 (Flyball, 7LM)
Batting: LHB José Estrada 0-0: Ball
1-0: Ground out 4-3 (Groundball, 4M)
Batting: SHB Juan Ortega 0-0: Ball
1-0: Ground out 6-3 (Groundball, 6)
Top of the 9th over - 0 run(s), 0 hit(s), 0 error(s), 0 left on base; Chesapeake 3 - Durham 5
This league is powered by Out of the Park Baseball, the baseball management simulation game for PC, Mac and Linux
Friday, January 22nd, 2016 - OOTP Baseball 16.9 Build 39